 Dungeon Crawl Stone Soup version 0.19.0-20-gbc5f0c6 (webtiles) character file.

1297 Charly the Cleaver (level 8, 18/69 HPs)
             Began as a Deep Dwarf Ice Elementalist on Nov 17, 2016.
             Was an Initiate of Makhleb.
             Quit the game on level 8 of the Dungeon.
             The game lasted 00:18:30 (1474 turns).

Charly the Cleaver (Deep Dwarf Ice Elementalist)    Turns: 1474, Time: 00:18:30

Health: 18/69      AC:  6    Str: 13    XL:     8   Next: 31%
Magic:  4/4        EV:  8    Int: 17    God:    Makhleb [......]
Gold:   78         SH:  0    Dex: 13    Spells: 1 memorised, 9 levels left

rFire  . . .     SeeInvis .     n - +0 war axe
rCold  . . .     Gourm    .     g - +0 scale mail
rNeg   . . .     Faith    .     (no shield)
rPois  .         Spirit   .     (no helmet)
rElec  .         Reflect  .     (no cloak)
rCorr  .         Harm     .     (no gloves)
MR     +....                    (no boots)
Stlth  ..........               (no amulet)
                                (no ring)
                                (no ring)

@: non-regenerating, very heavily drained
A: damage resistance, recharge devices, sense surroundings 1, slow regeneration
3
a: Device Recharging, Renounce Religion


You were on level 8 of the Dungeon.
You worshipped Makhleb.
Makhleb was noncommittal.
You were not hungry.

You visited 2 branches of the dungeon, and saw 9 of its levels.

You collected 78 gold pieces.

Inventory:

Hand Weapons
 n - a +0 war axe (weapon)
Armour
 g - a +0 scale mail (worn)
Wands
 c - a wand of heal wounds (0/9)
 m - a wand of paralysis (0/24)
 t - a wand of iceblast (10/15)
 u - a wand of polymorph (10/24)
Scrolls
 a - 4 scrolls of recharging {unknown}
 e - a scroll of random uselessness {unknown}
 j - 5 scrolls of identify {unknown}
 l - a scroll of fog {unknown}
 o - 2 scrolls of teleportation {unknown}
 q - 4 scrolls of enchant weapon {unknown}
Potions
 f - 2 potions of haste {unknown}
 h - a potion of curing {unknown}
 i - 2 potions of mutation {unknown}
 k - 2 potions of lignification {unknown}
 p - a potion of brilliance {unknown}
 s - a potion of flight {unknown}
Books
 b - a book of Frost

   Spells                             Type                      Level
   a - Freeze                         Ice                          1
   b - Throw Frost                    Conjuration/Ice              2
   c - Ozocubu's Armour               Charms/Ice                   3
   d - Throw Icicle                   Conjuration/Ice              4
   e - Summon Ice Beast               Ice/Summoning                4
Comestibles
 d - 4 bread rations
 r - 2 meat rations


   Skills:
 + Level 3.2(0.4) Fighting
 * Level 10.1(6.7) Axes
 - Level 2.1(0.0) Dodging
 - Level 2.4(0.0) Stealth
 - Level 1.7(0.0) Spellcasting
   Level 0.8(0.0) Conjurations
 - Level 2.6(0.0) Ice Magic


You had 9 spell levels left.
You knew the following spells:

 Your Spells              Type           Power        Failure   Level  Hunger
f - Freeze                Ice            #...         93%         1    ##.....


Dungeon Overview and Level Annotations

Branches:
Dungeon (8/15)             Temple (1/1) D:4
   Lair: D:8-11

Altars:
Cheibriados
Dithmenos
Fedhas
Makhleb
Okawaru
Qazlal
Ru
Uskayaw
Vehumet
Xom
Yredelemnul
Zin
The Shining One

Annotations:
D:2 Sigmund
D:3 nikopol's ghost, amateur GrFi


Innate Abilities, Weirdness & Mutations

You are resistant to damage.
You can recharge devices by infusing magical energy.
You passively map a small area around you.
You do not regenerate.


Message History

The wight freezes you.
* * * LOW HITPOINT WARNING * * *
You hit the wight but do no damage.
The wight is moderately damaged.
The wight barely misses you.
Evoke which item? (* to show all) (? for menu, Esc to quit)
Zapping:
c - a wand of heal wounds (1/9)
Press: ? - help, Shift-Dir - straight line, f - you You feel much better.
This wand has 0 charges left.
Unknown command.
Unknown command.
You barely miss the wight.
The wight is moderately damaged.
The wight hits you with a great sword of freezing.
* * * LOW HITPOINT WARNING * * *
You feel drained. The wight freezes you.
You hit the wight.
The wight is heavily damaged.
The wight barely misses you.
Are you sure you want to abandon this character and quit the game? (Confirm with "yes".)

* #...
, *
#..##*
#....
#... ,
##...
##...#
* ,
#....##
,,#@z#
###.#*
, ,* .#
* * *
.# * **
,.., *
* .. ,
,, **
**# ,


You could see a wight.

Vanquished Creatures
  A sky beast (D:5)
  2 ogres
  A phantom (D:5)
  4 centaurs
  Blork the orc (D:5)
  A gnoll sergeant (D:3)
  A scorpion (D:4)
  2 hounds
  A bullfrog zombie (D:7)
  3 orc priests (D:3)
  An orc wizard (D:5)
  An iguana (D:6)
  Terence (D:2)
  A worker ant (D:4)
  A worker ant zombie (D:5)
  9 gnolls
  2 adders
  A dart slug (D:2)
  3 leopard geckos
  7 orcs
  A giant cockroach (D:2)
  5 goblins
  A hobgoblin (D:2)
  10 jackals
  2 quokkas
  3 bats (D:2)
  A leopard gecko skeleton (D:5)
  A quokka skeleton (D:5)
  2 rats
70 creatures vanquished.

Notes
Turn   | Place    | Note
-------+----------+-------------------------------------------
     0 | D:1      | Charly the Deep Dwarf Ice Elementalist began the quest for the Orb.
     0 | D:1      | Reached XP level 1. HP: 15/15 MP: 3/3
    54 | D:2      | Noticed Sigmund
    79 | D:1      | Reached skill level 1 in Fighting
   109 | D:2      | Noticed Terence
   173 | D:2      | Reached XP level 2. HP: 14/25 MP: 0/4
   201 | D:2      | Killed Terence
   201 | D:2      | Reached XP level 3. HP: 19/33 MP: 0/5
   244 | D:3      | Noticed nikopol's ghost (amateur GrFi)
   288 | D:2      | Found a basalt altar of Yredelemnul.
   289 | D:2      | Found a snail-covered altar of Cheibriados.
   357 | D:2      | Reached skill level 1 in Axes
   399 | D:2      | Found an iron altar of Okawaru.
   451 | D:3      | Reached skill level 2 in Axes
   451 | D:3      | Reached XP level 4. HP: 21/40 MP: 6/6
   464 | D:3      | Reached skill level 3 in Axes
   536 | D:5      | Entered Level 5 of the Dungeon
   576 | D:5      | Reached skill level 4 in Axes
   576 | D:5      | Reached XP level 5. HP: 33/46 MP: 7/7
   585 | D:5      | Noticed a centaur
   606 | D:5      | Killed a centaur
   606 | D:5      | Reached skill level 5 in Axes
   683 | D:5      | Noticed Blork the orc
   696 | D:5      | Reached XP level 6. HP: 29/55 MP: 7/7
   719 | D:5      | Killed Blork the orc
   719 | D:5      | Reached skill level 6 in Axes
   800 | D:5      | Noticed a sky beast
   809 | D:5      | Reached skill level 7 in Axes
   819 | D:5      | Killed a sky beast
   819 | D:5      | Reached XP level 7. HP: 25/61 MP: 7/7
   856 | D:5      | Found a shimmering altar of Xom.
   950 | D:5      | Reached skill level 8 in Axes
  1061 | D:4      | Reached skill level 9 in Axes
  1196 | D:3      | Reached XP level 8. HP: 16/68 MP: 6/6
  1199 | D:3      | HP: 3/68 [gnoll/halberd (4)]
  1199 | D:3      | HP: 1/68 [gnoll/halberd (2)]
  1258 | D:4      | Found a staircase to the Ecumenical Temple.
  1270 | Temple   | Entered the Ecumenical Temple
  1289 | Temple   | Became a worshipper of Makhleb the Destroyer
  1414 | D:7      | Reached skill level 10 in Axes
  1469 | D:8      | HP: 3/69 [wight/great sword of freezing (1)]
  1469 | D:8      | HP: 1/69 [wight/great sword of freezing (2)]
  1474 | D:8      | Quit the game

Skill      XL: |  1  2  3  4  5  6  7  8 |
---------------+-------------------------+-----
Fighting       | 1 2 3 |  3.2
Axes           | 2 4 5 7 9 10 | 10.1
Dodging        | |  2.1
Stealth        | |  2.4
Spellcasting   | |  1.7
Conjurations   | |  0.8
Ice Magic      | |  2.6

Action                   |  1- 3 |  4- 6 |  7- 9 || total
-------------------------+-------+-------+-------++-------
Melee: Unarmed           |     5 |       |       ||     5
       Hand axe          |    66 |    13 |       ||    79
       War axe           |       |   101 |   130 ||   231
 Cast: Freeze            |    16 |       |       ||    16
 Abil: Device Recharging |       |     2 |     4 ||     6
Evoke: Wand              |     3 |    12 |    21 ||    36
  Use: Scroll            |       |       |     2 ||     2
 Stab: Paralysed         |       |     6 |    10 ||    16
  Eat: Pizza             |     1 |     1 |       ||     2
Armor: Scale mail        |   117 |    81 |    70 ||   268
Dodge: Dodged            |   117 |    83 |   133 ||   333
